 Crawl Stoat Soup version 0.22-s0-13-gd35ff411a0 (console) character file.

91 hilarita the Skirmisher (level 4, 0/24 HPs)
             Began as a Vine Stalker Fighter on Oct 12, 2019.
             Was an Initiate of Wu Jian.
             Slain by an orc wizard
             ... wielding a +3 dagger
              (2 damage)
             ... on level 3 of the Dungeon.
             The game lasted 00:03:53 (1930 turns).

hilarita the Skirmisher (Vine Stalker Fighter)      Turns: 1930, Time: 00:03:54

Health: 0/24       AC:  6    Str: 19    XL:     4   Next: 57%
Magic:  0/5        EV:  7    Int:  8    God:    Wu Jian [......]
Gold:   104        SH:  9    Dex: 14    Spells: 3/3 levels left

rFire    . . .     SeeInvis .   a - +0 long sword
rCold    . . .     Gourm    .   c - +0 shield
rNeg     . . .     Faith    .   b - +0 scale mail
rPois    .         Spirit   +   (no helmet)
rElec    .         Reflect  .   (no cloak)
rCorr    +         Harm     .   (no gloves)
MR       .....                  (no boots)
Stlth    ..........             (no amulet)
HPRegen  0.48/turn              o - ring of resist corrosion
MPRegen  0.09/turn              (no ring)

@: no status effects
A: fangs 2, regeneration 1, magic shield, antimagic bite, no potion heal 3, rot
immunity
a: Renounce Religion


You were on level 3 of the Dungeon.
You worshipped Wu Jian.
Wu Jian was noncommittal.
You were not hungry.

You visited 1 branch of the dungeon, and saw 3 of its levels.

You collected 104 gold pieces.

Inventory:

Hand Weapons
 a - a +0 long sword (weapon)
 e - a +0 short sword
Armour
 b - a +0 scale mail (worn)
 c - a +0 shield (worn)
Jewellery
 o - a ring of resist corrosion (left hand)
Scrolls
 i - 2 scrolls of magic mapping
 n - a scroll of remove curse
Potions
 d - a potion of might
 k - a potion of haste
 l - a potion of resistance
 m - a potion of brilliance {unknown}
Comestibles
 f - a bread ration
 g - 3 chunks of flesh
 h - a fruit
 j - 3 meat rations


   Skills:
 + Level 3.2 Fighting
 * Level 3.0 Long Blades
 + Level 2.8 Armour
 + Level 3.1 Shields


You had 3 spell levels left.
You didn't know any spells.
Your spell library was empty.

Dungeon Overview and Level Annotations

Branches:
Dungeon (3/15)

Altars:
Elyvilon
Wu Jian


Innate Abilities, Weirdness & Mutations

You have extremely sharp teeth.
Your natural rate of healing is unusually fast.
When hurt, damage is shared between your health and your magic reserves.
Your bite disrupts and absorbs the magic of your enemies.
Potions cannot restore your health.
You are immune to rotting.


Message History

The magic dart hits you!
You hit something. Your bite misses something.
You hear some strange, mumbled words.
A puff of flame appears from out of thin air!
The puff of flame hits you!
You slash the orc!
You kill the orc!
The Council accepts your kill. Something hits you. x2
* * * LOW HITPOINT WARNING * * *
Unknown command.
You hear some strange, mumbled words.
A magic dart appears from out of thin air!
The magic dart hits you!
* * * LOW HITPOINT WARNING * * *
Something hits you but does no damage.
Things that are here:
a morningstar; an orc corpse x2
Something hits you.
You die...

......... ..#......
......... #.# #.
#...#.... #### #.# ...
#.####..# ....# #.###.# #
##.# ..... #.#...
#.#####.. ......##...#
#....[..#
......#...#######.......#
........%...............#
#.@...............#
##)##..=...#........
#...# .............#
#.P.# ....#.......# #...#
...#........ ##.##
##########. #.# ## #####
##.## #.
###...###...###.. #.
#...P....._.....P.
##)#...###...###...


There were no monsters in sight!

Vanquished Creatures
  3 adders (D:3)
  An ooze (D:1)
  A worm (D:2)
  3 leopard geckos
  3 orcs (D:3)
  A ball python (D:3)
  A giant cockroach (D:2)
  6 goblins
  6 hobgoblins
  A weasel (D:3)
  5 bats
  3 frilled lizards
  9 kobolds
  8 rats
51 creatures vanquished.

Notes
Turn   | Place    | Note
-------+----------+-------------------------------------------
     0 | D:1      | hilarita the Vine Stalker Fighter began the quest for the
                  | Orb.
     0 | D:1      | Reached XP level 1. HP: 11/11 MP: 2/2
   192 | D:1      | Reached XP level 2. HP: 14/16 MP: 3/3
   674 | D:1      | Reached XP level 3. HP: 18/19 MP: 4/4
  1299 | D:2      | Found an ornate altar of the Wu Jian Council.
  1307 | D:2      | Became a worshipper of the Wu Jian Council
  1703 | D:3      | Gained mutation: Your natural rate of healing is unusually
                  | fast. [Vine Stalker growth]
  1703 | D:3      | Reached XP level 4. HP: 18/24 MP: 5/5
  1895 | D:3      | Found a white marble altar of Elyvilon.
  1928 | D:3      | HP: 1/24 [something/magic dart (4)]
  1930 | D:3      | Slain by an orc wizard

Vault maps used:
D:1:      lightli_arrival_maybe_door_vault, kennysheep_boxes
D:2:      lemuel_round_altar, kennysheep_generic_room_4
D:3:      first_bread, elyvilon_altar_1

Skill      XL: |  1  2  3  4 |
---------------+-------------+-----
Long Blades    | 2 3 |  3.0
Fighting       | 3 |  3.2
Shields        | 3 |  3.1
Armour         | |  2.8

Action                   |  1- 3 |  4- 6 || total
-------------------------+-------+-------++-------
Melee: Long sword        |    91 |    33 ||   124
       Bite              |    27 |     7 ||    34
Invok: Lunge             |     3 |     3 ||     6
  Use: Scroll            |     5 |     2 ||     7
  Eat: Chunk             |     3 |       ||     3
Armor: Scale mail        |    34 |    12 ||    46
Dodge: Dodged            |    19 |     8 ||    27
Block: Shield            |    32 |    12 ||    44
       Rpst.: Long sword |     5 |     1 ||     6

Table legend:
 A = Spawn XP
 B = Non-spawn XP
 C = Spawn XP percentage of total XP
 D = Spawn monster count
 E = Non-spawn monster count
 F = Spawn count percentage of total count
 G = Total turns spent on level
                    A         B        C        D         E        F      G
               +---------+---------+-------+---------+---------+-------+---------
         Total |      12 |     118 |   9.2 |       5 |      46 |   9.8 |  1930
               +---------+---------+-------+---------+---------+-------+---------
           D:1 |       8 |      26 |  23.5 |       2 |      16 |  11.1 |   785
           D:2 |       2 |      23 |   8.0 |       2 |      13 |  13.3 |   856
           D:3 |       2 |      69 |   2.8 |       1 |      17 |   5.6 |   289
               +---------+---------+-------+---------+---------+-------+---------
